 Dungeon Crawl Stone Soup version 0.32-a0-391-gce5c0aab1b (webtiles) character file.

Game seed: 2558087768141067276

870 ragingrage the Slicer (level 7, 0/55 HPs)
             Began as a Demigod Brigand on Feb 19, 2024.
             Slain by a gnoll
             ... wielding a +0 flail
             ... led by a gnoll bouda
              (7 damage)
             ... on level 4 of the Dungeon.
             The game lasted 00:04:11 (4409 turns).

ragingrage the Slicer (Demigod Brigand)             Turns: 4409, Time: 00:04:12

Health: 0/55       AC:  5    Str: 12    XL:     7   Next: 45%
Magic:  18/18      EV: 11    Int: 13    God:
Gold:   316        SH:  0    Dex: 23    Spells: 6/6 levels left

rFire   + . .        y - +0 short sword (protect)
rCold   + + +        (no shield)
rNeg    . . .        A - +1 leather armour {rC+}
rPois   +            (no helmet)
rElec   +            c - +0 cloak
rCorr   +            (no gloves)
SInv    .            (no boots)
Will    .....        o - amulet of magic regeneration
Stlth   +++          b - ring of magical power
HPRegen 0.00/turn    v - ring of protection from cold
MPRegen 0.56/turn

%: no passive effects
@: brilliant, resistant, inhibited regen, invisible
A: high MP 1, forlorn, divine attributes, inhibited regeneration, evolution 1
a: no special abilities


You were on level 4 of the Dungeon.
You visited 1 branch of the dungeon, and saw 5 of its levels.

You collected 316 gold pieces.

Inventory:

Hand Weapons
 a - a +2 dagger
 y - a +0 short sword of protection (weapon)
Missiles
 d - 8 poisoned darts (quivered)
 e - 3 curare-tipped darts
 j - a throwing net
 m - 2 javelins
Armour
 c - a +0 cloak (worn)
 A - a +1 leather armour of cold resistance (worn)
Jewellery
 b - a ring of magical power (left hand)
 o - an amulet of magic regeneration (around neck)
 v - a ring of protection from cold (right hand)
Wands
 s - a wand of flame (31)
Scrolls
 g - a scroll of enchant weapon {unknown}
 h - 2 scrolls of vulnerability {unknown}
 i - 2 scrolls of immolation {unknown}
 k - 2 scrolls of identify {unknown}
 p - a scroll of teleportation {unknown}
 r - a scroll of enchant armour {unknown}
Potions
 w - a potion of mutation
 z - a potion of cancellation {unknown}


   Skills:
 - Level 2.0 Fighting
 * Level 8.2 Short Blades
 - Level 1.7 Throwing
 - Level 0.8 Dodging
 - Level 3.6 Stealth


You had 6 spell levels left.
You didn't know any spells.
Your spell library was empty.

Dungeon Overview and Level Annotations

Branches:
Dungeon (5/15)
 Temple: D:4-7

Shops:
D:4 *

Annotations:
D:4 Edmund


Innate Abilities, Weirdness & Mutations

You have an increased reservoir of magic. (+10% MP)
You shall have no god before yourself.
Your divine heritage dramatically boosts your attributes as you level up.
You do not regenerate when monsters are visible.
You have hidden genetic potential.


Message History

A gnoll comes into view. It is wielding a +0 spear.
The gnoll hits you with a +0 flail! The gnoll hits you with a +0 club.
A gnoll comes into view. It is wielding a +0 club.
The gnoll hits you with a +0 flail! The gnoll misses you.
The gnoll hits you with a +0 flail.
There is a stone staircase leading up, spattered with blood here.
Unknown command.
The quokka bites you. The gnoll hits you with a +0 flail.
The gnoll hits you but does no damage. The gnoll hits you with a +0 flail!
You climb upwards.
Level annotation: Edmund
There is a stone staircase leading down, spattered with blood here.
Unknown command.
It was a potion of mutation.
You feel extremely strange.
Your regeneration stops near monsters.
You feel a hidden potential growing inside you.
The quokka closely misses you. The gnoll closely misses you. x2
It was a potion of brilliance.
You feel clever all of a sudden. The quokka barely misses you.
The gnoll hits you with a +0 flail!
* * * LOW HITPOINT WARNING * * *
The gnoll hits you but does no damage.
It was a potion of curing.
You feel better.
The quokka bites you but does no damage.
The gnoll hits you but does no damage. The gnoll hits you with a +0 club.
* * * LOW HITPOINT WARNING * * *
The quokka bites you but does no damage.
It was a potion of resistance.
You feel protected. The gnoll closely misses you.
The gnoll hits you with a +0 club.
* * * LOW HITPOINT WARNING * * *
The quokka barely misses you.
It was a potion of invisibility.
You fade into invisibility!
The quokka closely misses you. The gnoll hits you with a +0 flail!
* * * LOW HITPOINT WARNING * * *
The gnoll barely misses you.
It was a potion of magic.
Magic courses through your body. The quokka barely misses you.
The gnoll hits you with a +0 flail!
You die...

##################
#grg..............
#@################
#g# #.# #.# #.#
#.### ######...##
#...†..##.##
#.###..###.#


You could see 3 gnolls and a quokka (unable to see you).

Vanquished Creatures
  Eustachio (D:4)
  An ice beast (D:4)
  A phantom (D:4)
  A scorpion (D:4)
  2 howler monkeys (D:4)
  A hound (D:4)
  A gnoll bouda (D:4)
  2 sleepcaps (D:4)
  An iguana (D:4)
  2 orc wizards (D:4)
  6 adders
  A white imp (D:5)
  A ribbon worm (D:4)
  6 dart slugs
  7 orcs
  8 ball pythons
  11 endoplasms
  6 giant cockroaches
  4 goblins
  10 hobgoblins
  8 kobolds
  5 quokkas
  7 bats
  5 frilled lizards
  4 rats
102 creatures vanquished.

Notes
Turn   | Place    | Note
-------+----------+-------------------------------------------
     0 | D:1      | ragingrage the Demigod Brigand began the quest for the Orb.
     0 | D:1      | Reached XP level 1. HP: 17/17 MP: 3/3
    10 | D:1      | Reached skill level 2 in Short Blades
    52 | D:1      | Reached XP level 2. HP: 10/24 MP: 4/4
   259 | D:1      | Reached skill level 3 in Short Blades
   459 | D:1      | Reached XP level 3. HP: 29/29 MP: 5/5
  1268 | D:2      | Reached skill level 4 in Short Blades
  1276 | D:2      | Reached XP level 4. HP: 16/36 MP: 6/6
  2348 | D:3      | Reached XP level 5. HP: 40/41 MP: 7/7
  2409 | D:3      | Reached skill level 5 in Short Blades
  2843 | D:4      | Noticed Eustachio
  2858 | D:4      | Killed Eustachio
  2859 | D:4      | Reached skill level 6 in Short Blades
  2859 | D:4      | Reached XP level 6. HP: 43/48 MP: 8/8
  2908 | D:4      | Found Aferup's Mass Market.
  3351 | D:4      | Noticed Edmund
  3416 | D:4      | Reached skill level 7 in Short Blades
  3683 | D:4      | Reached XP level 7. HP: 51/55 MP: 9/9
  3935 | D:5      | Entered Level 5 of the Dungeon
  4131 | D:4      | Reached skill level 8 in Short Blades
  4404 | D:4      | Gained mutation: You do not regenerate when monsters are
                  | visible. [potion of mutation]
  4404 | D:4      | Gained mutation: You have hidden genetic potential. [potion
                  | of mutation]
  4409 | D:4      | Slain by a gnoll

Illustrated notes

Levels and vault maps discovered:
D:1:      erik_arrival_blinker_ship, layout_loops_ring,
          dreamdust_princess_bridge, minmay_misc_feat_cross,
          wad_floor_pattern_2, minmay_misc_feat_hallway
D:2:      minmay_chambers_of_ones, layout_loops_ring, serial_rivers,
          chequers_serial_rivers_micro_b, chequers_serial_rivers_small_b,
          chequers_serial_rivers_micro_e, chequers_serial_rivers_micro_a,
          chequers_serial_rivers_micro_c, basic_altar
D:3:      layout_basic, st_stairs_6
D:4:      layout_loops_ring, marbit_many_paths, minmay_shop_mass,
          hangedman_decor_peaks_small, solitary_fountain, eino_tiny_chamber,
          uniq_edmund, uniq_eustachio
D:5:      minmay_clustersquares, layout_cave_pools

Skill      XL: |  1  2  3  4  5  6  7 |
---------------+----------------------+-----
Short Blades   | 2 3 4 6 7 8 |  8.2
Fighting       | 2 |  2.0
Throwing       | |  1.7
Dodging        | |  0.8
Stealth        | |  3.6

Action                     |  1- 3 |  4- 6 |  7- 9 || total
---------------------------+-------+-------+-------++-------
  Melee: Dagger            |    90 |   215 |       ||   305
         Unarmed           |     1 |     1 |       ||     2
         Short sword       |       |    17 |   176 ||   193
  Throw: Dart              |       |     7 |       ||     7
         Throwing net      |       |     1 |       ||     1
    Use: Potion            |     1 |       |     7 ||     8
   Stab: Sleeping          |    17 |    11 |       ||    28
 Armour: Robe              |    42 |     5 |       ||    47
         Skin              |     2 |       |       ||     2
         Ring mail         |       |    88 |    40 ||   128
         Leather armour    |       |       |    61 ||    61
  Dodge: Dodged            |    22 |    72 |    81 ||   175

Table legend: (Time is in decaauts)
 A = Elapsed time spent in this place.
 B = Non-inter-level travel time spent in this place.
 C = Inter-level travel time spent in this place.
 D = Time resting spent in this place.
 E = Time spent auto-exploring this place.
 F = Levels seen in this place.
 G = Mean time per level.
                   A        B        C        D        E       F      G
               +--------+--------+--------+--------+--------+-----+--------+
         Total |   4260 |   4075 |    185 |    415 |   2747 |   5 |  852.0 |
       Dungeon |   4260 |   4075 |    185 |    415 |   2747 |   5 |  852.0 |
               +--------+--------+--------+--------+--------+-----+--------+

Top non-repeatable levels by time:
     D:4: 1436 daAuts
     D:2: 1006 daAuts
     D:1: 951 daAuts
     D:3: 785 daAuts
     D:5: 80 daAuts
